 Dungeon Crawl Stone Soup version 0.20.1-1-g8b1a95d (webtiles) character file.

5287 Ijustatesigmund the Cleaver (level 10, -4/69 HPs)
             Began as an Octopode Assassin on Sept 23, 2017.
             Was an Elder of Okawaru.
             Splashed by a jelly's acid (8 damage)
             ... on level 8 of the Dungeon.
             The game lasted 00:14:40 (7564 turns).

Ijustatesigmund the Cleaver (Octopode Assassin)     Turns: 7564, Time: 00:14:41

Health: -4/69      AC: -13   Str:  8    XL:     10   Next: 63%
Magic:  13/13      EV: 11    Int: 16    God:    Okawaru [****..]
Gold:   603        SH:  9    Dex: 17    Spells: 8/9 levels left

rFire    . . .     SeeInvis .   w - +8 hand axe of Midwinter {venom, +Blink MR++ Str-2 Stlth+}
rCold    . . .     Gourm    .   e - +0 shield
rNeg     . . .     Faith    .   l - +2 hat
rPois    +         Spirit   .   (no amulet)
rElec    .         Reflect  .   A - +2 ring of intelligence
rCorr    .         Harm     .   (no ring)
MR       ++...     Rnd*Rage +   (no ring)
Stlth    ++++++....             (no ring)
Regen    0.3/turn               (no ring)
MPRegen  0.2/turn               (no ring)
                                (no ring)
                                (no ring)

@: corroded
A: almost no armour, stealthy swim, amphibious, 8 rings, constrict 8, camouflage
1, berserk 1, poison resistance, gelatinous body 1
a: Heroism, Renounce Religion, Evoke Blink


You were on level 8 of the Dungeon.
You worshipped Okawaru.
Okawaru was greatly pleased with you.
You were near starving.

You visited 3 branches of the dungeon, and saw 11 of its levels.

You collected 603 gold pieces.

Inventory:

Hand Weapons
 a - a +3 dagger
 b - a +0 blowgun
 w - the +8 hand axe of Midwinter (weapon) {venom, +Blink MR++ Str-2 Stlth+}
   (You found it on level 5 of the Dungeon)

   It poisons the flesh of those it strikes.
   It affects your strength (-2).
   It affects your resistance to hostile enchantments.
   It lets you blink.
   It makes you more stealthy.
 y - a +0 dagger of protection
 C - a +2 dagger of draining
Missiles
 c - 37 poisoned needles
 d - 2 curare-tipped needles
 F - 6 javelins of penetration (quivered)
Armour
 e - a +0 shield (worn)
 h - a +0 large shield
 l - a +2 hat (worn)
Jewellery
 A - a +2 ring of intelligence (left tentacle)
Wands
 t - a wand of disintegration (16/24)
Scrolls
 m - 2 scrolls of enchant weapon
 o - 3 scrolls of magic mapping
 p - 4 scrolls of teleportation
 r - 5 scrolls of remove curse
 x - a scroll of identify
Potions
 i - 2 potions of haste
 j - 2 potions of brilliance
 k - 2 potions of heal wounds
 n - a potion of flight
 s - 2 potions of lignification
 u - a potion of agility
 v - 3 potions of curing
 z - a potion of berserk rage {unknown}
 D - a potion of resistance {unknown}
 E - 2 potions of invisibility {unknown}
Comestibles
 f - 9 bread rations
 g - 7 royal jellies
 q - 4 meat rations


   Skills:
 - Level 6.6 Fighting
 - Level 4.9 Short Blades
 - Level 9.3 Axes
 - Level 2.0 Throwing
 - Level 1.0 Dodging
 - Level 8.0 Stealth
 - Level 6.2 Shields
 + Level 2.0 Transmutations
 - Level 4.3 Invocations
 - Level 3.2 Evocations


You had 8 spell levels left.
You knew the following spells:

 Your Spells              Type           Power        Failure   Level  Hunger
a - Beastly Appendage     Tmut           #.....       34%         1    ##.....


Dungeon Overview and Level Annotations

Branches:
Dungeon (9/15)             Temple (1/1) D:5            Lair (1/6) D:8
    Orc: D:9-12

Altars:
Ashenzari
Dithmenos
Elyvilon
Fedhas
Gozag
Hepliaklqana
Kikubaaqudgha
Makhleb
Nemelex Xobeh
Okawaru
Qazlal
Ru
Sif Muna
Trog
Uskayaw
Vehumet
Xom
Yredelemnul
Zin
The Shining One


Innate Abilities, Weirdness & Mutations

You cannot wear most types of armour.
You are very stealthy in the water. (Stealth+)
You are amphibious.
You can wear up to eight rings at the same time.
You can use your tentacles to constrict eight enemies at once.
Your skin changes colour to match your surroundings (Stealth+).
Your rubbery body absorbs attacks. (AC +1, EV +1)
You tend to lose your temper in combat.
Your system is resistant to poisons. (rPois)


Message History

You are too injured to fight recklessly!
You are too injured to fight recklessly!
You are too injured to fight recklessly!
You are too injured to fight recklessly!
You are too injured to fight recklessly!
You hit the jelly.
Your tentacles burn!
You squeeze the jelly.
The jelly is severely wounded.
You hit the jelly.
The jelly is poisoned.
Your tentacles burn!
* * * LOW HITPOINT WARNING * * *
You hit the jelly.
The jelly looks as sick as possible!
The acid corrodes you!
Your tentacles burn!
* * * LOW HITPOINT WARNING * * *
The jelly closely misses you. The jelly hits you.
* * * LOW HITPOINT WARNING * * *
The acid corrodes you!
You are splashed with acid!
The acid burns!
* * * LOW HITPOINT WARNING * * *
The jelly hits you.
* * * LOW HITPOINT WARNING * * *
The acid corrodes you!
You are splashed with acid!
The acid burns!
You die...

##.######## #..# ##
#.## ##. #.#######..
########......##..
###....##...........
##...................
#.≈.≈.≈.##...........
#≈##@##≈##...........
#JJJ###............
#.#.###........##.P
#. .##...>......#..
## ###.###)####.##.
### ### ##### #


You could see 3 jellies.

Vanquished Creatures
  The ghost of Asgaroth the Covert, a novice KoBe of Trog (D:7)
  Pikel (D:9)
  2 centaur zombies
  Joseph (D:9)
  A hippogriff (D:8)
  A yak (D:8)
  3 slaves (D:9)
  2 ice beasts
  An orc warrior (D:6)
  2 ogres
  A sky beast (D:8)
  5 black bears
  4 phantoms
  2 centaurs (D:5)
  2 crocodiles (D:8)
  4 bullfrogs
  A gnoll sergeant (D:7)
  A scorpion (D:8)
  3 wights (D:6)
  2 howler monkeys
  3 crimson imps
  2 quasits
  5 hounds
  A jelly (D:5)
  8 orc wizards
  3 orc priests (D:6)
  A gnoll shaman (D:5)
  A centaur skeleton (D:6)
  An iguana (D:4)
  4 worker ants
  2 hound skeletons
  10 gnolls
  3 adders
  A shadow imp (D:7)
  6 oozes
  2 adder skeletons
  3 dart slugs (D:1)
  3 leopard geckos
  20 orcs
  3 ball pythons
  3 bats
  4 giant cockroaches
  8 goblins
  10 hobgoblins
  17 jackals
  7 kobolds
  4 quokkas
  7 frilled lizards
  A leopard gecko zombie (D:8)
  A quokka skeleton (D:5)
  8 rats
192 creatures vanquished.

Notes
Turn   | Place    | Note
-------+----------+-------------------------------------------
     0 | D:1      | Ijustatesigmund the Octopode Assassin began the quest for the Orb.
     0 | D:1      | Reached XP level 1. HP: 14/14 MP: 1/1
    91 | D:1      | Reached XP level 2. HP: 19/19 MP: 2/2
   241 | D:1      | Reached XP level 3. HP: 18/25 MP: 3/3
   944 | D:2      | Reached XP level 4. HP: 31/31 MP: 4/4
   983 | D:2      | Reached skill level 1 in Shields
  1217 | D:2      | Found a faded altar of an unknown god.
  2047 | D:4      | Reached XP level 5. HP: 36/36 MP: 5/5
  2091 | D:4      | Found a shadowy altar of Dithmenos.
  2101 | D:4      | Gained mutation: Your magical capacity is low. (-10% MP) [potion of mutation]
  2101 | D:4      | Gained mutation: Your spells are a little harder to cast, but a little more powerful. [potion of mutation]
  2101 | D:4      | Gained mutation: Your spells are harder to cast, but more powerful. [potion of mutation]
  2101 | D:4      | Gained mutation: You are resistant to hostile enchantments. (MR+) [potion of mutation]
  2252 | D:4      | Noticed a phantom
  2844 | D:4      | Killed a phantom
  2844 | D:4      | Reached XP level 6. HP: 15/43 MP: 5/5
  3037 | D:4      | Noticed a black bear
  3045 | D:4      | Killed a black bear
  3282 | D:5      | Entered Level 5 of the Dungeon
  3290 | D:5      | Found a staircase to the Ecumenical Temple.
  3291 | D:5      | Reached XP level 7. HP: 49/49 MP: 6/6
  3300 | Temple   | Entered the Ecumenical Temple
  3430 | Temple   | Became a worshipper of Warmaster Okawaru
  3605 | D:5      | Got an encrusted hand axe
  3606 | D:5      | Identified the +8 hand axe of Midwinter {venom, +Blink MR++ Str-2 Stlth+} (You found it on level 5 of the Dungeon)
  3679 | D:5      | Reached skill level 5 in Fighting
  3735 | D:5      | Reached skill level 1 in Axes
  3974 | D:5      | Reached skill level 2 in Axes
  4096 | D:5      | Lost mutation: You are resistant to hostile enchantments. (MR+) [potion of mutation]
  4096 | D:5      | Lost mutation: Your magical capacity is low. (-10% MP) [potion of mutation]
  4096 | D:5      | Lost mutation: Your spells are harder to cast, but more powerful. [potion of mutation]
  4096 | D:5      | Lost mutation: Your spells are a little harder to cast, but a little more powerful. [potion of mutation]
  4096 | D:5      | Gained mutation: You tend to lose your temper in combat. [potion of mutation]
  4096 | D:5      | Gained mutation: Your system is resistant to poisons. (rPois) [potion of mutation]
  4102 | D:5      | Reached XP level 8. HP: 55/55 MP: 6/8
  4105 | D:5      | Reached skill level 3 in Axes
  4123 | D:5      | Reached * piety under Okawaru
  4314 | D:7      | Reached skill level 4 in Axes
  4388 | D:6      | Found a shimmering altar of Xom.
  4400 | D:6      | Reached skill level 5 in Axes
  4455 | D:6      | You fall through a shaft for 3 floors!
  4455 | D:9      | Noticed Pikel
  4455 | D:9      | Noticed Joseph
  4464 | D:9      | Killed Joseph
  4464 | D:9      | Reached skill level 6 in Axes
  4466 | D:9      | Killed Pikel
  4466 | D:9      | Reached ** piety under Okawaru
  4466 | D:9      | Reached skill level 8 in Axes
  4466 | D:9      | Reached XP level 9. HP: 6/61 MP: 9/9
  4476 | D:9      | Reached skill level 9 in Axes
  4983 | D:8      | Reached *** piety under Okawaru
  4996 | D:8      | Reached skill level 1 in Invocations
  5391 | D:6      | Reached skill level 5 in Shields
  5431 | D:6      | Found a blossoming altar of Fedhas.
  5599 | D:6      | Reached XP level 10. HP: 62/68 MP: 12/12
  5633 | D:6      | Received a gift from Okawaru
  5727 | D:6      | Reached skill level 1 in Evocations
  6071 | D:7      | Noticed Asgaroth's ghost (novice KoBe)
  6479 | D:7      | Found a sacrificial altar of Ru.
  6544 | D:7      | Killed Asgaroth's ghost
  6544 | D:7      | Reached **** piety under Okawaru
  6701 | D:7      | Found a bloodstained altar of Trog.
  6928 | D:8      | Found a staircase to the Lair.
  7132 | Lair:1   | Entered Level 1 of the Lair of Beasts
  7181 | Lair:1   | Learned a level 1 spell: Beastly Appendage
  7194 | D:8      | Reached skill level 1 in Transmutations
  7564 | D:8      | Splashed by a jelly's acid

Skill      XL: |  1  2  3  4  5  6  7  8  9 10 |
---------------+-------------------------------+-----
Short Blades   | 3 4 |  4.9
Fighting       | 3 4 5 6 |  6.6
Shields        | 1 2 3 4 5 6 |  6.2
Axes           | 2 8 9 |  9.3
Invocations    | 2 4 |  4.3
Stealth        | 6 8 |  8.0
Evocations     | 3 |  3.2
Transmutations | 2 |  2.0
Throwing       | |  2.0
Dodging        | |  1.0

Action                   |  1- 3 |  4- 6 |  7- 9 | 10-12 || total
-------------------------+-------+-------+-------+-------++-------
Melee: Dagger            |    67 |   109 |     6 |       ||   182
       Tentacles         |    13 |    18 |    32 |    28 ||    91
       Constrict         |    17 |    12 |    28 |    22 ||    79
       Hand axe          |       |       |   143 |   124 ||   267
Invok: Heroism           |       |       |       |     1 ||     1
  Use: Scroll            |     4 |     6 |     2 |     4 ||    16
       Potion            |       |     5 |     3 |       ||     8
 Stab: Sleeping          |    11 |    16 |    20 |     4 ||    51
       Distracted        |       |       |       |     1 ||     1
  Eat: Chunk             |       |     7 |     8 |     1 ||    16
       Fruit             |       |       |       |     4 ||     4
Armor: Skin              |     3 |    15 |    20 |     5 ||    43
Dodge: Dodged            |    42 |    33 |    45 |    37 ||   157
Block: Shield            |     3 |    21 |    63 |    39 ||   126
